cohdb
Replays
Latest Replays
All Replays
Popular Replays
Top Player Replays
Match Explorer
How It Works
Community
CoH3 Stats
Reddit
Sign in to upload your games and track your stats! →
Sign in with Steam
Match 42813049
Unlisted
Match 42813049
Overview
Messages
Build Orders
End
Kettenkrad Recon Vehicle
Construct Infanterie Kompanie
Selects Mechanized Battlegroup
Grenadier Squad
MG 42 Machine Gun Team
Grenadier Squad
GrW 34 Mortar Team
Construct Panzergrenadier Kompanie
251 Medium Carrier
251 Medium Carrier
251 Medium Carrier
Selects Raid Package
Selects Mobile Repair Stations
MG 42 Machine Gun Team
Support Elements
Grenadier Squad
StuG III G Assault Gun
Selects StuG Assault Group
StuG Assault Group
StuG III G Assault Gun
251 Medium Carrier
Side Skirts
StuG III G Assault Gun
StuG III G Assault Gun
Pioneer Squad
Selects Panther Heavy Tank
Panther Heavy Tank
Grenadier Squad
Grenadier Squad
Grenadier Squad
Pak 40 Anti-tank Gun Team
251 Medium Carrier
Selects Wespe Self-propelled Artillery
Selects Zeroing Artillery Barrage
StuG III G Assault Gun
Nebelwerfer 42 Rocket Launcher Team
StuG III G Assault Gun
Panzergrenadier Squad
Panzergrenadier Squad
Pak 40 Anti-tank Gun Team
Gabriel Seth
Tonani
Hextech
Skibana
Tok3n x Operator
TechT0nic
0
0
Comments
sign in to comment!
No comments posted yet!